 Dungeon Crawl Stone Soup version 0.21.0-3-g78d12a8 (webtiles) character file.

5811 mopl the Martial Artist (level 10, 0/70 HPs)
             Began as a Barachi Transmuter on Jan 9, 2018.
             Was a Priest of Cheibriados.
             Slain by Erica
             ... wielding a +3 scimitar of flaming
              (9 damage)
             ... on level 11 of the Dungeon.
             The game lasted 00:20:34 (10478 turns).

mopl the Martial Artist (Barachi Transmuter)       Turns: 10478, Time: 00:20:35

Health: 0/70       AC:  2    Str: 18    XL:     10   Next: 79%
Magic:  6/14       EV: 23    Int: 22    God:    Cheibriados [***...]
Gold:   69         SH:  0    Dex: 24    Spells: 1/15 levels left

rFire    . . .     SeeInvis .     - Unarmed
rCold    . . .     Gourm    .   (shield currently unavailable)
rNeg     . . .     Faith    .   (armour currently unavailable)
rPois    x         Spirit   .   (helmet currently unavailable)
rElec    .         Reflect  .   (cloak currently unavailable)
rCorr    +         Harm     .   (gloves currently unavailable)
MR       .....                  (boots currently unavailable)
Stlth    ++........             (no amulet)
HPRegen  0.21/turn              w - ring of resist corrosion
MPRegen  0.14/turn              (no ring)

@: spider-form, very slow
A: tiny, +LOS, swims
a: End Transformation, Bend Time, Temporal Distortion, Renounce Religion


You were on level 11 of the Dungeon.
You worshipped Cheibriados.
Cheibriados was most pleased with you.
You were very hungry.
You were a venomous arachnid creature.
You visited 2 branches of the dungeon, and saw 12 of its levels.
You also visited: Ossuary.

You collected 675 gold pieces.
You spent 606 gold pieces at shops.

Inventory:

Hand Weapons
 v - a +0 dagger of venom
Missiles
 a - 99 arrows
 e - 32 poisoned needles
 K - 4 tomahawks (quivered)
 U - 7 javelins
Armour
 m - a +0 pair of gloves (melded)
 u - a +2 robe of cold resistance (melded)
 L - the +0 pair of boots "Uxtoqaer" (melded) {rElec rPois rCorr Int-3}
   (You found it on level 7 of the Dungeon)

   It affects your intelligence (-3).
   It insulates you from electricity.
   It protects you from poison.
   It protects you from acid and corrosion.
 M - a +0 helmet (melded)
 S - a cursed +0 cloak (melded)
Magical Staves
 I - an uncursed staff of fire
Jewellery
 w - a ring of resist corrosion (left front leg)
 E - an uncursed ring of ice
Wands
 q - a wand of disintegration (13)
 s - a wand of scattershot (7)
 D - a wand of acid (6)
 N - a wand of paralysis (8)
 Q - a wand of enslavement (10)
 R - a wand of iceblast (8)
Scrolls
 k - 3 scrolls of immolation
 o - a scroll of fog
 p - 6 scrolls of remove curse
 t - 10 scrolls of teleportation
 y - 2 scrolls of enchant weapon {unknown}
 B - a scroll of holy word {unknown}
 F - 2 scrolls of magic mapping
 H - 4 scrolls of amnesia
 P - a scroll of blinking
Potions
 f - 2 potions of might
 g - 3 potions of heal wounds {unknown}
 h - a potion of flight
 i - 3 potions of curing
 j - 3 potions of mutation {!q}
 l - a potion of magic
 n - 4 potions of resistance
 x - 2 potions of agility {unknown}
 z - 2 potions of invisibility
 A - 3 potions of lignification {!q}
 C - 2 potions of brilliance
Books
 b - a book of Air

   Spells                             Type                      Level
   a - Shock                          Conjuration/Air              1
   b - Swiftness                      Charms/Air                   2
   c - Static Discharge               Conjuration/Air              3
   d - Airstrike                      Air                          4
   e - Lightning Bolt                 Conjuration/Air              5
 c - a book of Changes

   Spells                             Type                      Level
   a - Beastly Appendage              Transmutation                1
   b - Sticks to Snakes               Transmutation                2
   c - Spider Form                    Transmutation/Poison         3
   d - Ice Form                       Ice/Transmutation            4
   e - Blade Hands                    Transmutation                5
 J - a book of Maledictions

   Spells                             Type                      Level
   a - Corona                         Hexes                        1
   b - Ensorcelled Hibernation        Hexes/Ice                    2
   c - Confuse                        Hexes                        3
   d - Tukima's Dance                 Hexes                        3
   e - Dazzling Spray                 Conjuration/Hexes            3
Comestibles
 d - 14 rations


   Skills:
 + Level 3.3 Fighting
 + Level 3.6 Dodging
 * Level 12.5 Unarmed Combat
 - Level 3.0 Spellcasting
 - Level 9.0 Transmutations
 - Level 3.0 Ice Magic
 - Level 2.0 Poison Magic
 + Level 4.4 Invocations


You had one spell level left.
You knew the following spells:

 Your Spells              Type           Power        Failure   Level  Hunger
b - Spider Form           Tmut/Pois      ####......   12%         3    ###....
c - Blade Hands           Tmut           #####.....   22%         5    ######.
d - Ice Form              Ice/Tmut       ####....     24%         4    ####...
w - Sticks to Snakes      Tmut           #####...     3%          2    ##.....


Dungeon Overview and Level Annotations

Branches:
Dungeon (12/15)            Temple (1/1) D:5            Lair (0/6) D:11
    Orc: D:9-12

Altars:
Ashenzari
Cheibriados
Dithmenos
Elyvilon
Fedhas
Gozag
Kikubaaqudgha
Makhleb
Okawaru
Qazlal
Ru
Trog
Uskayaw
Wu Jian
Xom
Yredelemnul
Zin

Shops:
D:4 *   D:5 }   D:6 :   D:7 ?   D:9 [

Annotations:
D:7 HungrySpirit's ghost, novice DDMo
D:11 Erica


Innate Abilities, Weirdness & Mutations

Shadows flee at your approach. (+LOS)
You can swim through water.
((You cover ground slowly.))
((You can hop short distances.))


Message History

Cheibriados rebukes Erica.
Erica seems to slow down.
You feel slightly more hungry.
Cheibriados lowers the support of your attributes as your movement quickens.
Erica casts a spell at you. You resist with significant effort.
You hit Erica.
Erica is poisoned.
Erica is lightly wounded.
You hit Erica.
Erica is lightly wounded.
You hit Erica but do no damage.
Erica is lightly wounded.
Erica completely misses you.
You bite Erica!
Erica is heavily wounded.
You bite Erica!
Erica looks as sick as possible!
Erica is severely wounded.
Erica hits you with a scimitar of flaming!!
* * * LOW HITPOINT WARNING * * *
Erica burns you!
You die...

#.........####### ...#
#.......>.# ...####
...........#########.......
...........................
#########..................
#..######..........
#######..# #..........
.........######..........
............s@...........
...###########...........
## #..######### ..........#
.....O...... ..............
.....@.......##
.............#
..............


You could see Erica.

Vanquished Creatures
  2 two-headed ogres
  Pikel (D:6)
  A troll (D:8)
  A hippogriff (D:4)
  A yak (D:9)
  Menkaure (D:6)
  A steam dragon (D:9)
  Duvessa (D:7)
  3 ice beasts
  A sky beast (D:7)
  2 slaves (D:6)
  An ogre (D:4)
  2 phantoms
  2 centaurs
  3 bullfrogs
  Dowan (D:7)
  3 scorpions
  11 wights (D:6)
  2 howler monkeys (D:9)
  3 crimson imps
  A quasit (D:8)
  3 bullfrog skeletons
  8 hounds
  2 jellies
  An orc wizard (D:9)
  2 orc priests (D:6)
  6 iguanas
  12 worker ants
  A hound skeleton (D:8)
  8 mummies (Ossuary)
  3 gnolls (D:5)
  A howler monkey skeleton (D:11)
  10 adders
  4 shadow imps
  An ooze (D:2)
  4 adder skeletons
  3 worms
  4 leopard geckos
  26 orcs
  3 giant cockroaches
  10 goblins
  7 hobgoblins
  6 jackals
  3 quokkas
  6 bats
  4 frilled lizards
  A gnoll zombie (Ossuary)
  3 hobgoblin zombies (Ossuary)
  A jackal skeleton (D:5)
  A jackal zombie (D:5)
  6 kobolds
  A kobold zombie (D:7)
  A leopard gecko skeleton (D:7)
  A leopard gecko zombie (D:7)
  4 orc zombies (Ossuary)
  8 rats
209 creatures vanquished.

Vanquished Creatures (collateral kills)
  A yak (D:9)
1 creature vanquished.

Vanquished Creatures (others)
  A bullfrog (D:6)
1 creature vanquished.

Grand Total: 211 creatures vanquished

Notes
Turn   | Place    | Note
-------+----------+-------------------------------------------
     0 | D:1      | mopl the Barachi Transmuter began the quest for the Orb.
     0 | D:1      | Reached XP level 1. HP: 15/15 MP: 3/3
   103 | D:1      | Reached XP level 2. HP: 5/21 MP: 3/5
   107 | D:1      | Learned a level 2 spell: Sticks to Snakes
   797 | D:1      | Reached skill level 4 in Unarmed Combat
  1381 | D:2      | Reached XP level 3. HP: 9/26 MP: 3/6
  1640 | D:2      | Reached skill level 3 in Transmutations
  1838 | D:2      | Learned a level 3 spell: Spider Form
  1856 | D:2      | Reached XP level 4. HP: 32/32 MP: 1/7
  2780 | D:3      | Reached skill level 5 in Unarmed Combat
  2780 | D:3      | Reached skill level 1 in Poison Magic
  2860 | D:3      | Reached XP level 5. HP: 18/37 MP: 1/8
  3972 | D:4      | Found a stormy altar of Qazlal.
  4044 | D:4      | Reached skill level 2 in Poison Magic
  4044 | D:4      | Reached XP level 6. HP: 35/43 MP: 2/10
  4059 | D:4      | Learned a level 4 spell: Ice Form
  4142 | D:4      | Reached skill level 6 in Unarmed Combat
  4142 | D:4      | Reached skill level 3 in Spellcasting
  4142 | D:4      | Reached skill level 4 in Transmutations
  4142 | D:4      | Reached skill level 1 in Ice Magic
  4233 | D:4      | Found Migrapp's Assorted Antiques.
  4237 | D:4      | Bought a scroll labeled PETEMINGU WUMPIAM for 24 gold pieces
  4237 | D:4      | Bought a sedimented white potion for 21 gold pieces
  4237 | D:4      | Bought a blue potion for 21 gold pieces
  4237 | D:4      | Bought a scroll labeled QAUTHR YMMOKH for 24 gold pieces
  4251 | D:4      | You fall through a shaft for 3 floors!
  4251 | D:7      | Found Hyosu's Magic Scroll Shoppe.
  4251 | D:7      | Noticed HungrySpirit's ghost (novice DDMo)
  4325 | D:7      | Found a sand-covered staircase.
  4339 | Ossuary  | Entered an ossuary
  4636 | Ossuary  | Reached XP level 7. HP: 48/48 MP: 7/11
  4680 | Ossuary  | Reached skill level 2 in Ice Magic
  5016 | D:7      | Noticed Duvessa
  5017 | D:7      | Noticed Dowan
  5031 | D:7      | Killed Duvessa
  5039 | D:7      | Killed Dowan
  5039 | D:7      | Reached skill level 7 in Unarmed Combat
  5164 | D:6      | Reached skill level 3 in Ice Magic
  5165 | D:6      | Reached skill level 5 in Transmutations
  5197 | D:6      | Reached XP level 8. HP: 18/54 MP: 12/12
  5443 | D:6      | Noticed Pikel
  5560 | D:6      | Found Orohuic's Book Boutique.
  5566 | D:5      | Entered Level 5 of the Dungeon
  5582 | D:5      | Reached skill level 8 in Unarmed Combat
  5798 | D:4      | Noticed a hippogriff
  5810 | D:4      | Killed a hippogriff
  5810 | D:4      | Reached skill level 6 in Transmutations
  6059 | D:5      | Reached skill level 9 in Unarmed Combat
  6138 | D:5      | Found Evampo's Gadget Shoppe.
  6188 | D:5      | Found a staircase to the Ecumenical Temple.
  6272 | Temple   | Entered the Ecumenical Temple
  6289 | Temple   | Became a worshipper of Cheibriados the Contemplative
  6560 | D:5      | Found a shimmering altar of Xom.
  6697 | D:6      | Noticed Menkaure
  6707 | D:6      | Killed Menkaure
  6997 | D:6      | Reached XP level 9. HP: 59/59 MP: 5/13
  7061 | D:6      | Reached * piety under Cheibriados
  7061 | D:6      | Reached skill level 10 in Unarmed Combat
  7061 | D:6      | Reached skill level 7 in Transmutations
  7068 | D:6      | Learned a level 5 spell: Blade Hands
  7152 | D:6      | Reached skill level 1 in Invocations
  7273 | D:6      | Found a snail-covered altar of Cheibriados.
  7405 | D:6      | Killed Pikel
  7405 | D:6      | Reached skill level 11 in Unarmed Combat
  7405 | D:6      | Reached skill level 2 in Invocations
  7639 | D:6      | Reached skill level 8 in Transmutations
  8020 | D:7      | Got a pair of dazzling boots
  8026 | D:7      | Identified the +0 pair of boots "Uxtoqaer" {rElec rPois rCorr Int-3} (You found it on level 7 of the Dungeon)
  8084 | D:7      | Reached ** piety under Cheibriados
  8084 | D:7      | Reached skill level 3 in Invocations
  8182 | D:7      | Reached XP level 10. HP: 27/65 MP: 10/14
  8522 | D:7      | Bought a scroll of blinking for 90 gold pieces
  8522 | D:7      | Bought 2 scrolls of identify for 48 gold pieces
  8522 | D:7      | Bought a scroll of identify for 24 gold pieces
  8522 | D:7      | Bought a scroll of teleportation for 36 gold pieces
  8522 | D:7      | Bought a scroll of teleportation for 36 gold pieces
  8522 | D:7      | Bought a scroll of teleportation for 36 gold pieces
  8522 | D:7      | Bought a scroll of teleportation for 36 gold pieces
  8912 | D:8      | Found a basalt altar of Yredelemnul.
  9557 | D:9      | Reached skill level 12 in Unarmed Combat
  9574 | D:9      | Reached *** piety under Cheibriados
  9585 | D:9      | Noticed a two-headed ogre
  9593 | D:9      | Killed a two-headed ogre
  9593 | D:9      | Reached skill level 2 in Fighting
  9593 | D:9      | Reached skill level 4 in Invocations
  9865 | D:9      | Found Lakipinu's Antique Armour Shop.
  9871 | D:9      | Bought a runed cloak for 210 gold pieces
 10050 | D:9      | Noticed a two-headed ogre
 10058 | D:9      | HP: 2/68 [yak (5)]
 10355 | D:9      | Reached skill level 3 in Dodging
 10371 | D:9      | You fall through a shaft for 3 floors!
 10420 | D:11     | Found a staircase to the Lair.
 10460 | D:11     | Noticed a two-headed ogre
 10462 | D:11     | Noticed Erica
 10472 | D:11     | Killed a two-headed ogre
 10472 | D:11     | Reached skill level 3 in Fighting
 10472 | D:11     | Reached skill level 9 in Transmutations
 10478 | D:11     | Slain by Erica

Skill      XL: |  1  2  3  4  5  6  7  8  9 10 |
---------------+-------------------------------+-----
Unarmed Combat | 4 5 6 7 9 11 12 | 12.5
Transmutations | 3 4 5 6 8 9 |  9.0
Poison Magic   | 1 2 |  2.0
Spellcasting   | 3 |  3.0
Ice Magic      | 1 3 |  3.0
Invocations    | 3 4 |  4.4
Fighting       | 3 |  3.3
Dodging        | 3 |  3.6

Action                   |  1- 3 |  4- 6 |  7- 9 | 10-12 || total
-------------------------+-------+-------+-------+-------++-------
Melee: Unarmed           |   121 |   188 |   299 |   119 ||   727
       Kick              |     3 |       |       |       ||     3
       Headbutt          |     6 |       |       |       ||     6
       Punch             |     3 |     1 |     1 |     2 ||     7
 Cast: Beastly Appendage |    21 |       |       |       ||    21
       Spider Form       |     2 |    25 |     8 |     7 ||    42
       Ice Form          |       |       |    16 |     4 ||    20
Invok: Bend Time         |       |       |       |     2 ||     2
 Abil: End Transformatio |       |     3 |       |     1 ||     4
       Hop               |       |     1 |       |     1 ||     2
Evoke: Wand              |       |       |       |     7 ||     7
  Use: Scroll            |       |    14 |     2 |     8 ||    24
 Stab: Sleeping          |     2 |     1 |       |     1 ||     4
       Distracted        |       |       |     1 |       ||     1
  Eat: Chunk             |     4 |    13 |     9 |     4 ||    30
       Ration            |       |       |     2 |       ||     2
Armor: Robe              |    30 |    15 |    19 |    13 ||    77
       Skin              |       |     4 |    39 |     8 ||    51
Dodge: Dodged            |    87 |   121 |   154 |    72 ||   434
